AoeStats
← 海霸天

Arena

508384141Analyzed
4v4 RM · 11d ago on Sep 22, 2026· 11m 45s· 8 players
Game mode
Random Map
Map size
Large (8 player)
Population
200
Speed
Normal
Resources
Standard
Victory
Conquest
Starting age
Dark Age
Ending age
Imperial Age
RankedLock teamsTeams togetherTeam positionsShared explorationLock speedFull tech treeHidden civsTurbo modeCheats
Victory
Defeat
🇮🇳 Turks · India
746
+13
🇩🇪 Khmer · Germany
694
+15
🇹🇼 Vietnamese · Taiwan
618
+18
🇺🇸 Aztecs · United States
552
+22
🇵🇰 Aztecs · Pakistan
768
-20
🇹🇷 Mongols · Türkiye
743
-20
🇵🇱 Wu · Poland
716
-19
🇺🇸 Slavs · United States
470
-9
shakerL
8:39 Loom
11:22 Feudal Age
Cuauhocelotl831
2:02 Loom
chadengienjoyer
6:00 Loom
10:50 Feudal Age
海霸天
11:52 Feudal Age
10:07 Loom
Zielonidas
Vampiro
Vengefulone
5:29 Loom
11:44 Feudal Age
Juicee
Connection lost

Rejoining the realm…

Still unreachable

The connection could not be restored.

Session expired

The server has moved on; the page needs a fresh start.